 Dungeon Crawl Stone Soup version 0.21.1-1-g345015fe64 (webtiles) character file.

101 Gargoyl the Skirmisher (level 4, 0/40 HPs)
             Began as a Centaur Abyssal Knight on June 12, 2018.
             Was a Follower of Lugonu.
             Slain by a gnoll
             ... wielding a +0 spear
              (4 damage)
             ... on level 2 of the Dungeon.
             The game lasted 00:03:21 (1680 turns).

Gargoyl the Skirmisher (Centaur Abyssal Knight)     Turns: 1680, Time: 00:03:22

Health: 0/40       AC:  5    Str: 14    XL:     4   Next: 48%
Magic:  5/5        EV:  8    Int: 11    God:    Lugonu [*.....]
Gold:   75         SH:  0    Dex: 10    Spells: 3/3 levels left

rFire    . . .     SeeInvis .   a - +1 hand axe
rCold    . . .     Gourm    .   (no shield)
rNeg     . . .     Faith    .   j - +0 ring mail
rPois    .         Spirit   .   (no helmet)
rElec    .         Reflect  .   (no cloak)
rCorr    .         Harm     .   (no gloves)
MR       .....                  (no barding)
Stlth    ..........             (no amulet)
HPRegen  0.13/turn              (no ring)
MPRegen  0.09/turn              (no ring)

@: very quick
A: large, hooves 3, deformed body, speed 2, tough skin 3
a: Depart the Abyss, Renounce Religion


You were on level 2 of the Dungeon.
You worshipped Lugonu.
Lugonu was aware of your devotion.
You were not hungry.

You visited 1 branch of the dungeon, and saw 2 of its levels.
You visited the Abyss 1 time.

You collected 75 gold pieces.

Inventory:

Hand Weapons
 a - a +1 hand axe (weapon)
 d - the +8 longbow "Gell" {speed, rC+}
   (You found it on level 2 of the Abyss)

   Attacks with this weapon are significantly faster.
   It protects you from cold.
Armour
 j - a +0 ring mail (worn)
Scrolls
 h - 2 scrolls of amnesia
 i - 2 scrolls of identify
Potions
 b - a potion of heal wounds
 e - a potion of berserk rage {unknown}
Comestibles
 c - 5 rations


   Skills:
 + Level 3.9 Fighting
 + Level 2.5 Axes
 * Level 2.1 Armour
 + Level 1.0 Dodging
 * Level 2.5 Invocations


You had 3 spell levels left.
You didn't know any spells.

Dungeon Overview and Level Annotations

Branches:
Dungeon (2/15)

Altars:


Innate Abilities, Weirdness & Mutations

You have hooves in place of feet.
Armour fits poorly on your strangely shaped body.
You cover ground very quickly.
You have extremely tough skin. (AC +3)


Message History

The gnoll hits you with a spear.
You hit the gnoll. You kick the gnoll.
The gnoll is severely wounded.
You barely miss the gnoll. x2; You hit the hobgoblin.
You kill the hobgoblin!
Lugonu accepts your kill. The gnoll barely misses you. x2
You hit the gnoll but do no damage.
The gnoll is severely wounded.
You hit the gnoll.
You kill the gnoll!
Lugonu accepts your kill.
You hit the gnoll. You closely miss the gnoll. The gnoll hits you with a club!
* * * LOW HITPOINT WARNING * * *
The gnoll hits you with a spear.
* * * LOW HITPOINT WARNING * * *
The gnoll hits you but does no damage.
Unknown command.
The gnoll hits you from afar with a spear.
You die...

*######********* *......,,*,,,,,,
*....,,,,*,,,,,,
###..#*,*,,*,,,,,,
#.g).#.♣,,,+,,,,,,
#.g...♣,*,,+,,,,,,
#@#g.#.#*,,*,,,,,,
#####.#.....,,,*******
**#.....#.......,*
*,+.....########**
**********,#...........#
,,,,,,,>,.............########***
*******,*#.##.................,**
,,,,,,*,*#,*#########..######***,
,,,,,,+,,,,,,,,.........#.###..,,


You could see 2 gnolls.

Vanquished Creatures
  An iron imp (Abyss:1)
  A gnoll (D:2)
  2 adders (D:2)
  4 dart slugs (D:1)
  2 giant cockroaches
  5 goblins (D:1)
  5 hobgoblins
  3 jackals (D:1)
  2 quokkas (D:2)
  4 bats (D:1)
  3 frilled lizards (D:1)
  5 kobolds
  2 rats
39 creatures vanquished.

Notes
Turn   | Place    | Note
-------+----------+-------------------------------------------
     0 | Abyss:1  | Gargoyl the Centaur Abyssal Knight began the quest for the Orb.
     0 | Abyss:1  | Reached XP level 1. HP: 19/19 MP: 2/2
     0 | Abyss:1  | Found an opulent altar of Gozag.
    32 | Abyss:1  | Noticed an iron imp
    44 | Abyss:1  | Killed an iron imp
    44 | Abyss:1  | Reached XP level 2. HP: 5/27 MP: 3/3
   299 | Abyss:2  | Got a smoking longbow
   300 | Abyss:2  | Identified the +8 longbow "Gell" {speed, rC+} (You found it on level 2 of the Abyss)
   352 | Abyss:3  | Noticed a large abomination
   362 | Abyss:3  | Noticed an efreet
   365 | D:1      | Escaped the Abyss
   375 | D:1      | Reached XP level 3. HP: 33/33 MP: 2/4
   732 | D:1      | Reached * piety under Lugonu
  1385 | D:2      | Reached XP level 4. HP: 5/40 MP: 5/5
  1388 | D:2      | HP: 2/40 [poisoned by an adder]
  1393 | D:2      | HP: 1/40 [poisoned by an adder]
  1673 | D:2      | Reached skill level 1 in Dodging
  1680 | D:2      | Slain by a gnoll

Skill      XL: |  1  2  3  4 |
---------------+-------------+-----
Axes           | 2 |  2.5
Armour         | 2 |  2.1
Dodging        | 1 |  1.0
Fighting       | |  3.9
Invocations    | |  2.5

Action                   |  1- 3 |  4- 6 || total
-------------------------+-------+-------++-------
Melee: Hand axe          |    75 |    25 ||   100
       Kick              |    11 |     7 ||    18
Invok: Depart the Abyss  |     1 |       ||     1
  Use: Scroll            |     7 |       ||     7
       Potion            |     1 |     1 ||     2
  Eat: Ration            |       |     1 ||     1
Armor: Ring mail         |    42 |    10 ||    52
       Leather armour    |    21 |       ||    21
Dodge: Dodged            |    72 |    18 ||    90
